 Dungeon Crawl Stone Soup version 0.19-a0-722-g27ac516 (webtiles) character file.

95 SirSavien the Sneak (level 4, -2/32 HPs)
             Began as an Octopode Monk on June 21, 2016.
             Was a Follower of Uskayaw.
             Slain by a phantom (6 damage)
             ... on level 3 of the Dungeon.
             The game lasted 00:04:38 (1699 turns).

SirSavien the Sneak (Octopode Monk)                 Turns: 1699, Time: 00:04:39

Health: -2/32      AC:  1    Str: 10    XL:     4   Next: 65%
Magic:  2/4        EV: 14    Int: 12    God:    Uskayaw [*.....]
Gold:   119        SH:  0    Dex: 15    Spells: 0 memorised, 3 levels left

rFire  . . .     SeeInvis .       - Unarmed
rCold  . . .     Gourm    .     (no shield)
rNeg   . . .     Faith    .     (helmet restricted)
rPois  .         Spirit   .     (no amulet)
rElec  .         Dismiss  .     (no ring)
rCorr  .         Reflect  .     (no ring)
SustAt .         Harm     .     (no ring)
MR     .....                    (no ring)
Stlth  ++++......               (no ring)
                                (no ring)
                                (no ring)
                                (no ring)

@: not resistant to hostile enchantments, stealthy
A: almost no armour, amphibious, 8 rings, constrict 8, camouflage 1, gelatinous
body 1
a: Stomp, Renounce Religion


You were on level 3 of the Dungeon.
You worshipped Uskayaw.
Uskayaw was aware of your devotion.
You were hungry.

You visited 1 branch of the dungeon, and saw 3 of its levels.

You collected 119 gold pieces.

Inventory:

Scrolls
 b - 3 scrolls of teleportation {unknown}
 c - 3 scrolls of remove curse {unknown}
 f - 3 scrolls of magic mapping
 h - 3 scrolls of identify {unknown}
 m - a scroll of enchant armour {unknown}
Potions
 d - a potion of resistance {unknown}
 e - a potion of curing
 j - a potion of might {unknown}
 l - a potion of brilliance {unknown}
 n - a potion of degeneration {unknown}
Comestibles
 a - 3 bread rations
 g - a meat ration
 i - 2 chunks of flesh
 k - a slice of pizza


   Skills:
 + Level 3.6 Fighting
 + Level 3.5 Dodging
 + Level 4.2 Stealth
 + Level 3.7 Unarmed Combat


You had 3 spell levels left.
You didn't know any spells.

Dungeon Overview and Level Annotations

Branches:
Dungeon (3/15)

Altars:
Nemelex Xobeh
Uskayaw


Innate Abilities, Weirdness & Mutations

You cannot wear most types of armour.
You are amphibious.
You can wear up to eight rings at the same time.
You can use your tentacles to constrict eight enemies at once.
Your skin changes colour to match your surroundings (Stealth+).
Your rubbery body absorbs attacks. (AC +1)


Message History

* * * LOW HITPOINT WARNING * * *
The phantom blinks!
You are too injured to fight recklessly!
You are too injured to fight recklessly!
You tentacle-slap the phantom.
The phantom is severely damaged.
The phantom blinks!
You tentacle-slap the phantom.
The phantom is severely damaged.
The phantom hits you.
* * * LOW HITPOINT WARNING * * *
The phantom blinks!
Found a bread ration.
a - 3 bread rations (gained 1)
You don't have enough magic at the moment.
The phantom blinks!
You tentacle-slap the phantom.
The phantom is almost destroyed.
The phantom hits you.
You die...

.# ###.#.# #######
## #W#.######
#.#......#
#.######.#####
#..W...#.....#
######.#####.#
######.#####.#
#W..ยง..##....#####
#@#######.#####...
#.#.......# #...
#.#...###.# #<.#
#.#...###.######.#
#.#......#.......#
#.#.#.##.#.#######
#.#.#......#
#.#.####...######
*,..* #.......<#


You could see a phantom.

Vanquished Creatures
  3 adders
  2 oozes
  A worm (D:2)
  2 dart slugs
  A giant gecko (D:1)
  6 bats
  5 giant cockroaches
  5 goblins
  2 hobgoblins
  6 jackals
  2 quokkas (D:3)
  2 ball pythons (D:2)
  2 giant newts
  5 kobolds
  6 rats (D:2)
50 creatures vanquished.

Notes
Turn   | Place    | Note
--------------------------------------------------------------
     0 | D:1      | SirSavien the Octopode Monk began the quest for the Orb.
     0 | D:1      | Reached XP level 1. HP: 16/16 MP: 1/1
    31 | D:1      | Reached skill level 3 in Stealth
    31 | D:1      | Reached XP level 2. HP: 17/21 MP: 2/2
   431 | D:1      | Reached XP level 3. HP: 23/26 MP: 3/3
  1184 | D:2      | Reached XP level 4. HP: 27/31 MP: 4/4
  1221 | D:2      | Noticed a dagger
  1221 | D:2      | Found a hide-covered altar of Uskayaw.
  1224 | D:2      | Noticed a dagger
  1248 | D:2      | Became a worshipper of Uskayaw the Reveler
  1248 | D:2      | Reached * piety under Uskayaw
  1305 | D:2      | Found a sparkling altar of Nemelex Xobeh.
  1589 | D:3      | Reached skill level 4 in Stealth
  1657 | D:3      | Noticed a phantom
  1699 | D:3      | Slain by a phantom

Vault maps used:
D:1:      sevenhm_arrival_forest_fort_small_6
D:2:      dancing_weapons_uskayaw, nemelex_xobeh_ov_fountains_minmay

Skill      XL: |  1  2  3  4 |
---------------+-------------+-----
Stealth        | 3 4 |  4.2
Fighting       | |  3.6
Dodging        | |  3.5
Unarmed Combat | |  3.7

Action                   |  1- 3 |  4- 6 || total
-------------------------+-------+-------++-------
Melee: Unarmed           |    69 |    48 ||   117
       Constrict         |    18 |     7 ||    25
       Tentacles         |    13 |     5 ||    18
       Punch             |     1 |     1 ||     2
Invok: Stomp             |       |     1 ||     1
  Use: Potion            |       |     2 ||     2
       Scroll            |       |     1 ||     1
 Stab: Sleeping          |    15 |     6 ||    21
  Eat: Chunk             |     1 |     1 ||     2
Armor: Skin              |     4 |     1 ||     5
Dodge: Dodged            |    25 |    28 ||    53
